 Dungeon Crawl Stone Soup version 0.30.1-11-g7821555f0a (webtiles) character file.

Game seed: 9036682025012472030

29880 Peloso the Carver (level 13, -8/119 HPs)
             Began as a Minotaur Fighter on Dec 5, 2023.
             Was an Elder of Okawaru.
             Killed by divine providence
             ... invoked by an orc high priest
              (15 damage)
             ... on level 1 of the Orcish Mines.
             The game lasted 00:34:49 (20796 turns).

Peloso the Carver (Minotaur Fighter)               Turns: 20796, Time: 00:34:51

Health: -8/119     AC: 25    Str: 23    XL:     13   Next: 17%
Magic:  14/14      EV: 11    Int:  5    God:    Okawaru [****..]
Gold:   1440       SH: 16    Dex: 19    Spells: 12/12 levels left

rFire   . . .        a - +0 long sword
rCold   x . .        d - +0 kite shield
rNeg    . . .        s - +0 plate armour
rPois   .            U - +2 hat {Stlth+}
rElec   +            (no cloak)
rCorr   +            (no gloves)
SInv    .            Z - +4 pair of boots of Minor Irritation {+Inv rElec Int+2}
Will    .....        (no amulet) Stlth
                     w - +6 ring of dexterity
HPRegen 0.39/turn    X - ring of Doubts {rElec rCorr}
MPRegen 0.14/turn

%: no passive effects
@: heroic, spiked
A: horns 2, retaliatory headbutt, dopey 1, cold vulnerability 1
a: Renounce Religion, Evoke Invisibility, Heroism, Finesse


You were on level 1 of the Orcish Mines.
You worshipped Okawaru.
Okawaru was greatly pleased with you.
You visited 4 branches of the dungeon, and saw 18 of its levels.
You also visited: Sewer.

You collected 1440 gold pieces.

Inventory:

Hand Weapons
 a - a +0 long sword (weapon)
 b - a +1 trident of flaming
Armour
 c - a +0 chain mail
 d - a +0 kite shield (worn)
 s - a +0 plate armour (worn)
 U - a +2 hat of stealth (worn)
 Z - the +4 pair of boots of Minor Irritation (worn) {+Inv rElec Int+2}
   (Okawaru gifted it to you on level 12 of the Dungeon)

   Int:       It affects your intelligence (+2).
   rElec:     It insulates you from electricity.
   +Inv:      It lets you turn invisible.
Jewellery
 j - a ring of ice
 o - a ring of protection from cold
 w - a +6 ring of dexterity (left hand)
 x - a ring of see invisible
 y - a ring of fire
 F - a ring of protection from fire
 H - a ring of poison resistance
 I - a ring of protection from cold
 O - a ring of ice
 P - a +4 ring of protection
 T - a ring of positive energy
 W - a ring of protection from fire
 X - the ring of Doubts (right hand) {rElec rCorr}
   (You found it on level 10 of the Dungeon)

   [ring of resist corrosion]

   rElec:     It insulates you from electricity.
   rCorr:     It protects you from acid and corrosion.
Wands
 t - a wand of light (18)
 u - a wand of mindburst (7)
 E - a wand of iceblast (13)
 Q - a wand of flame (9)
 S - a wand of polymorph (6)
 V - a wand of digging (5)
Scrolls
 e - 8 scrolls of teleportation
 g - 5 scrolls of noise
 h - 2 scrolls of brand weapon
 r - 5 scrolls of enchant armour
 z - a scroll of silence
 B - 2 scrolls of fear
 C - 2 scrolls of fog
 D - 9 scrolls of identify
 J - a scroll of magic mapping
 K - 2 scrolls of poison
Potions
 f - 8 potions of flight
 i - a potion of might
 k - 4 potions of lignification
 l - 5 potions of curing
 m - 2 potions of resistance
 n - 3 potions of brilliance
 p - a potion of cancellation
 q - 2 potions of mutation
 v - 3 potions of heal wounds
 A - a potion of berserk rage
 G - a potion of experience
 L - a potion of magic
 M - 2 potions of haste {unknown}
 R - a potion of ambrosia
Miscellaneous
 N - a phial of floods
 Y - a piece from Xom's chessboard (15/15)


   Skills:
 + Level 12.6(17.6) Fighting
 + Level 14.8(19.8) Long Blades
 + Level 13.0(18.0) Armour
 + Level 3.1(8.1) Dodging
 + Level 0.8(5.8) Stealth
 + Level 13.4(18.4) Shields
 + Level 3.7 Invocations
 + Level 1.6 Evocations


You had 12 spell levels left.
You didn't know any spells.
Your spell library contained the following spells:

 Spells                   Type           Power      Damage    Failure   Level
 Foxfire                  Conj/Fire      0%         2x1d4     99%         1
 Cigotuvi's Dreadful Rot  Necr/Pois/Air  0%         N/A       100%        2
 Momentum Strike          Conj/Tloc      0%         3d8       100%        2
 Poisonous Vapours        Pois/Air       0%         N/A       100%        2
 Static Discharge         Conj/Air       0%         2-2/arc   100%        2
 Ignite Poison            Fire/Tmut/Pois 0%         N/A       100%        3
 Mephitic Cloud           Conj/Pois/Air  0%         N/A       100%        3
 Vhi's Electric Charge    Tloc/Air       0%         N/A       100%        3
 Airstrike                Air            0%         2d(0-16)  100%        4
 Passage of Golubria      Tloc           0%         N/A       100%        4
 Alistair's Intoxication  Tmut/Pois      0%         N/A       100%        5
 Freezing Cloud           Conj/Ice/Air   0%         6-21      100%        5
 Yara's Violent Unravell  Hex/Tmut       0%         3d3       100%        5
 Eringya's Noxious Bog    Tmut/Pois      0%         N/A       100%        6
 Storm Form               Tmut/Air       0%         N/A       100%        7
 Maxwell's Capacitive Co  Air            0%         ∞         100%        8
 Tukima's Dance           Hex            Unusable   N/A       N/A         3
 Summon Lightning Spire   Summ/Air       Unusable   N/A       N/A         4
 Summon Forest            Summ/Tloc      Unusable   N/A       N/A         5
 Summon Hydra             Summ           Unusable   N/A       N/A         7

Dungeon Overview and Level Annotations

Branches:
Dungeon (12/15)            Temple (1/1) D:6            Lair (3/5) D:11
    Orc (2/2) D:9           Sewer (visited)
  Swamp: Lair:2-3    Shoals: Lair:2-3     Snake: Lair:2-3    Spider: Lair:2-3
    Elf: Orc:2

Altars:
Ashenzari
Dithmenos
Gozag
Kikubaaqudgha
Okawaru
Trog
Uskayaw
Wu Jian
Yredelemnul
Zin
The Shining One

Shops:
D:3 [   Orc:1 *   Orc:2 :

Annotations:
D:4 1 runed translucent door, tykejmi's ghost, weakling DgFE
D:10 Dig
Lair:2 2 transporters, murkle's ghost, journeyman SpHs
Orc:1 2 transporters, ozzols's ghost, journeyman MiBe


Innate Abilities, Weirdness & Mutations

You have a pair of horns on your head.
You reflexively headbutt those who attack you in melee.
You are dopey. (Int -2)
You are vulnerable to cold. (rC-)


Message History

Strange energies course through your body.
You feel stupid.
Unknown command.
You hit the orc high priest.
The orc high priest is heavily wounded.
The orc high priest starts to sing a prayer.
The orc high priest prays to Beogh.
You closely miss the orc high priest.
The orc high priest is heavily wounded.
You block the orc high priest's attack. The neqoxec gestures at you.
Strange energies course through your body.
You feel vulnerable to cold.
You barely miss the orc high priest. You headbutt the orc high priest!
The orc high priest is severely wounded.
You block the red devil's attack.
The orc high priest utters an invocation to Beogh.
You closely miss the orc high priest. You headbutt the orc high priest.
The orc high priest is severely wounded.
The neqoxec closely misses you. You furiously retaliate!
You headbutt the neqoxec! You block the red devil's attack.
You hit the orc high priest but do no damage.
The orc high priest is severely wounded.
The orc high priest closely misses you. You block the neqoxec's attack.
The red devil hits you but does no damage.
You hit the orc high priest but do no damage.
The orc high priest is severely wounded.
The orc high priest invokes the aid of Beogh against you.
Pain shoots through your body!
* * * LOW HITPOINT WARNING * * *
The red devil hits you from afar with a +0 trident!
* * * LOW HITPOINT WARNING * * *
Barbed spikes become lodged in your body.
You hit the orc high priest but do no damage.
Your headbutt misses the orc high priest.
The orc high priest is severely wounded.
You block the neqoxec's attack. The red devil misses you.
The orc high priest invokes the aid of Beogh against you.
Beogh smites you!
You die...

###### ######.#..##
##.#.#......#######
##............#..#.##
##...................#
##....................####
#............#....##..##.#
#...##...[[.......#.......
##.##....@[............#..
###....3o................
#....44............##.#
##......#...........####
###...................#..#
#####.........................
####.#........#..................
#≈≈≈........................#.#.#
#≈∩≈.#.##.#.#.#............##)###


You could see an orc high priest, a neqoxec (summoned) and 2 red devils.

Vanquished Creatures
  An orc warlord (Orc:1)
  Harold (D:9)
  Fannar (Orc:1)
  2 two-headed ogres
  2 boulder beetles (D:12)
  A centaur warrior (D:11)
  2 orc high priests
  Nergalle (Lair:1)
  Sonja (D:11)
  Lodul (D:10)
  2 orc knights (Orc:1)
  3 cyclopes
  An ugly thing (D:12)
  An orc sorcerer (Orc:2)
  A manticore (D:12)
  3 cane toads
  2 black mambas (Lair:1)
  A gargoyle (D:11)
  2 unseen horrors
  3 komodo dragons
  A rime drake (Lair:2)
  2 hornets
  2 trolls
  4 blink frogs (Lair:2)
  3 slime creatures (D:12)
  Eustachio (D:4)
  A vampire (D:12)
  2 wyverns
  Sigmund (D:3)
  2 shadows
  3 wraiths
  27 yaks
  2 basilisks
  Grum (D:10)
  A steam dragon (D:10)
  5 vampire mosquitoes
  A warg (Orc:1)
  2 acid dragons
  4 water moccasins
  12 orc warriors
  An ice beast (D:7)
  3 black bears
  2 wolves
  15 ogres
  5 centaurs
  A kobold brigand (D:6)
  6 bullfrogs
  4 gnoll sergeants
  2 scorpions
  15 killer bees
  A howler monkey (D:11)
  2 hounds
  3 jellies
  5 orc priests
  An iguana (D:6)
  Crazy Yiuf (D:6)
  Jessica (D:3)
  Terence (D:2)
  9 orc wizards
  2 sleepcaps
  11 hell rats (Lair:1)
  16 adders
  19 gnolls
  5 river rats (Sewer)
  2 shadow imps
  2 ufetubi
  3 worms
  3 dart slugs
  39 orcs
  6 endoplasms
  3 giant cockroaches
  A goblin (D:2)
  6 hobgoblins
  14 jackals
  13 kobolds
  10 quokkas
  11 ball pythons
  7 bats
  13 frilled lizards
  4 rats
377 creatures vanquished.

Vanquished Creatures (others)
  A steam dragon (D:10)
  An orc wizard (Orc:1)
  A gnoll (D:10)
3 creatures vanquished.

Grand Total: 380 creatures vanquished

Notes
Turn   | Place    | Note
-------+----------+-------------------------------------------
     0 | D:1      | Peloso the Minotaur Fighter began the quest for the Orb.
     0 | D:1      | Reached XP level 1. HP: 19/19 MP: 0/0
   330 | D:1      | Reached XP level 2. HP: 27/27 MP: 1/1
   787 | D:2      | Noticed Terence
   799 | D:2      | Killed Terence
   800 | D:2      | Reached skill level 3 in Long Blades
   800 | D:2      | Reached XP level 3. HP: 33/33 MP: 2/2
   883 | D:2      | Reached XP level 4. HP: 37/40 MP: 3/3
  1447 | D:3      | Reached skill level 4 in Long Blades
  1492 | D:3      | Noticed Sigmund
  1498 | D:3      | Killed Sigmund
  1499 | D:3      | Reached skill level 5 in Armour
  1499 | D:3      | Reached skill level 1 in Dodging
  1499 | D:3      | Reached XP level 5. HP: 30/47 MP: 4/4
  1508 | D:3      | Found a broken altar of Ashenzari.
  1560 | D:3      | Found a glowing drain.
  1565 | Sewer    | Entered a sewer
  1571 | Sewer    | Reached XP level 6. HP: 49/55 MP: 5/5
  1577 | Sewer    | Reached skill level 5 in Long Blades
  1895 | Sewer    | Reached skill level 5 in Fighting
  2071 | Sewer    | Reached skill level 5 in Shields
  3266 | D:3      | Noticed Jessica
  3274 | D:3      | Killed Jessica
  3316 | D:3      | Reached XP level 7. HP: 58/61 MP: 6/6
  3447 | D:3      | Found a faded altar of an unknown god.
  3518 | D:3      | Found Hipsirph's Armour Shoppe.
  4379 | D:4      | Noticed Eustachio
  4384 | D:4      | Found a runed translucent door.
  4413 | D:4      | Killed Eustachio
  4414 | D:4      | Reached skill level 6 in Long Blades
  4503 | D:4      | Noticed tykejmi's ghost (weakling DgFE)
  4793 | D:5      | Entered Level 5 of the Dungeon
  5158 | D:5      | Got the Codex of Electric Arson
  5514 | D:6      | Found a staircase to the Ecumenical Temple.
  5521 | Temple   | Entered the Ecumenical Temple
  5556 | Temple   | Became a worshipper of Warmaster Okawaru
  5639 | Temple   | Reached skill level 7 in Long Blades
  5639 | Temple   | Reached XP level 8. HP: 41/70 MP: 7/7
  6169 | D:6      | Reached skill level 8 in Long Blades
  6273 | D:6      | Found a runed translucent door.
  6274 | D:6      | Noticed Crazy Yiuf
  6536 | D:6      | Killed Crazy Yiuf
  6637 | D:7      | Reached * piety under Okawaru
  6988 | D:7      | Reached skill level 9 in Long Blades
  7283 | D:7      | Reached XP level 9. HP: 43/79 MP: 8/8
  7309 | D:7      | Identified the +2 ring mail "Uxzegg" {Str+2}
  7596 | D:8      | Paralysed by a hornet for 3 turns
  7856 | D:8      | Reached skill level 10 in Long Blades
  7856 | D:8      | Reached skill level 1 in Invocations
  7860 | D:8      | Reached ** piety under Okawaru
  7962 | D:8      | Noticed a two-headed ogre
  7972 | D:8      | Killed a two-headed ogre
  8069 | D:8      | Found a shadowy altar of Dithmenos.
  8083 | D:8      | Found a glowing silver altar of Zin.
  8235 | D:8      | Reached XP level 10. HP: 54/90 MP: 10/10
  8533 | D:8      | Reached *** piety under Okawaru
  8619 | D:8      | Got the Codex of Violent Vapour
  8754 | D:8      | Reached skill level 11 in Long Blades
  8894 | D:9      | Found a staircase to the Orcish Mines.
  9095 | D:9      | Noticed Harold
  9116 | D:9      | Killed Harold
  9116 | D:9      | Reached **** piety under Okawaru
  9446 | D:9      | Reached skill level 10 in Fighting
  9759 | D:9      | Found an ancient bone altar of Kikubaaqudgha.
  9762 | D:9      | Found an ornate altar of the Wu Jian Council.
  9762 | D:9      | Identified the +0 broad axe of Law {speed, Str+4}
  9931 | D:9      | Identified the +1 leather armour "Tobyunoz" {rElec}
  9974 | D:10     | Entered Level 10 of the Dungeon
 10045 | D:10     | Noticed Grum
 10336 | D:9      | Reached skill level 12 in Long Blades
 10346 | D:10     | Killed Grum
 10509 | D:10     | Reached XP level 11. HP: 38/100 MP: 9/12
 10843 | D:10     | Reached skill level 10 in Shields
 11166 | D:10     | Noticed Lodul
 11175 | D:10     | Killed Lodul
 11860 | D:11     | Reached skill level 13 in Long Blades
 12169 | D:11     | Noticed a centaur warrior
 12183 | D:11     | Killed a centaur warrior
 12184 | D:11     | Reached skill level 10 in Armour
 12535 | D:11     | Reached ***** piety under Okawaru
 12639 | D:11     | Noticed Sonja
 12652 | D:11     | Killed Sonja
 12652 | D:11     | Received a gift from Okawaru
 12663 | D:11     | Reached skill level 1 in Evocations
 12666 | D:11     | Found a staircase to the Lair.
 12827 | D:11     | Got the Verses on the Body and the Gift
 12900 | D:11     | Found the +6 Majin-Bo {spellvamp, MP+6 Int+6}
 12987 | Lair:1   | Entered Level 1 of the Lair of Beasts
 13149 | Lair:1   | Noticed Nergalle
 13174 | Lair:1   | Killed Nergalle
 13929 | Lair:1   | Found a bloodstained altar of Trog.
 13942 | Lair:1   | Reached XP level 12. HP: 86/107 MP: 13/13
 14907 | Lair:2   | Noticed murkle's ghost (journeyman SpHs)
 14920 | Lair:2   | Found a transporter.
 15056 | Lair:2   | Found a transporter.
 15814 | Lair:2   | Reached skill level 14 in Long Blades
 16414 | D:10     | Identified the ring of Doubts {rElec rCorr}
 16650 | Lair:3   | Noticed an eight-headed hydra
 17247 | D:12     | Identified the +4 pair of boots of Minor Irritation {+Inv
                  | rElec Int+2} (Okawaru gifted it to you on level 12 of the
                  | Dungeon)
 17247 | D:12     | Received a gift from Okawaru
 17471 | D:12     | Noticed a boulder beetle
 17508 | D:12     | Killed a boulder beetle
 17780 | D:12     | Noticed a two-headed ogre
 17789 | D:12     | Killed a two-headed ogre
 17937 | D:12     | Noticed a boulder beetle
 17973 | D:12     | Killed a boulder beetle
 18490 | Orc:1    | Entered Level 1 of the Orcish Mines
 18492 | Orc:1    | Found Kiol's General Store.
 18497 | Orc:1    | Noticed Fannar
 18604 | Orc:1    | Killed Fannar
 18819 | Orc:1    | Found a transporter.
 18824 | Orc:1    | Found the +3 crown of Dyrovepreva {rElec Int+2 SInv}
 18829 | Orc:1    | Noticed ozzols's ghost (journeyman MiBe)
 19193 | Orc:1    | Found a transporter.
 19386 | Orc:1    | Noticed an orc high priest
 19405 | Orc:1    | Killed an orc high priest
 19406 | Orc:1    | Reached XP level 13. HP: 47/119 MP: 12/14
 19800 | Orc:2    | Entered Level 2 of the Orcish Mines
 19800 | Orc:2    | Found Futu's Book Shop.
 20075 | Orc:2    | Paralysed by an orc sorcerer for 3 turns
 20340 | Orc:2    | Noticed an orc warlord
 20603 | Orc:1    | Killed an orc warlord
 20789 | Orc:1    | Gained mutation: You are dopey. (Int -2) [a neqoxec]
 20791 | Orc:1    | Gained mutation: You are vulnerable to cold. (rC-) [a
                  | neqoxec]
 20796 | Orc:1    | Killed from afar by an orc high priest

Illustrated notes

Levels and vault maps discovered:
D:1:      minmay_arrival_solitary_statue, layout_loops_ring
D:2:      layout_loops_ring, minmay_lizard_pond, uniq_terence
D:3:      layout_basic, mainiacjoe_overflow_concentric_impassable,
          shapermc_ecumenical_altar_mp_urbaneastern, serial_shops, shop,
          portal_sewer_entry_e, chequers_serial_rivers_micro_a, st_stairs_4,
          minmay_misc_feat_hallway, minmay_hedge_maze, minmay_misc_feat_tiny,
          kennysheep_donut, uniq_jessica, uniq_sigmund
D:4:      layout_basic, ebering_ghost_sewer_d, uniq_eustachio
D:5:      layout_rooms, kennysheep_generic_room_7
D:6:      layout_loops_ring, minmay_temple_entry_wispy, uniq_crazy_yiuf_cottage
D:7:      layout_rooms
D:8:      layout_rooms, mainiacjoe_overflow_catwalk_spiral,
          ebering_dispersal_statue_hall
D:9:      layout_loops_ring, nicolae_overflow_squiral, orc_0_dummy, uniq_harold
D:10:     layout_irregular_city, minivault_21,
          amcnicky_mini_rare_corridor_liquid, uniq_lodul, uniq_grum
D:11:     layout_cross, david_lair_generic, minmay_checkerbox, uniq_sonja
D:12:     layout_gridville
Temple:   bh_familiar_temple
Lair:1:   layout_cave_pods, grunt_forest_stairs_basic, lemuel_centaur_altar,
          serial_bayou_shore_b, uniq_nergalle
Lair:2:   layout_regular_city, gammafunk_ghost_berserking_beasts
Lair:3:   layout_layer_cave, minmay_shoals_entry_lonely_mermaid,
          nicolae_spider_entry_lesser_pyramids, wad_woods_03,
          serial_bayou_shore_a
Orc:1:    layout_caves, serial_shops, nicolae_shop_tiny_waterfront,
          gammafunk_ghost_stat_death, bh_open_orc_temple, uniq_fannar
Orc:2:    grunt_orc_gardens, layout_caves, grunt_orc_garden, grunt_orc_garden,
          grunt_orc_garden, grunt_orc_garden, serial_shops,
          nicolae_shop_industrial_runoff, nicolae_orc_bridge_out,
          nicolae_specific_store

Skill      XL: |  1  2  3  4  5  6  7  8  9 10 11 12 13 |
---------------+----------------------------------------+-----
Armour         | 4 5 6 7 8 9 10 12 13 | 13.0
Fighting       | 4 5 6 7 8 10 11 12 | 12.6
Long Blades    | 3 4 5 7 9 10 12 13 14 | 14.8
Shields        | 4 5 6 8 9 11 13 | 13.4
Dodging        | 1 2 3 |  3.1
Invocations    | 1 3 |  3.7
Evocations     | 1 |  1.6
Stealth        | |  0.8

Action                     |  1- 3 |  4- 6 |  7- 9 | 10-12 | 13-15 || total
---------------------------+-------+-------+-------+-------+-------++-------
  Melee: Long sword        |    75 |   219 |   297 |   927 |   124 ||  1642
         Headbutt          |    10 |    24 |    74 |   251 |    29 ||   388
 Invoke: Heroism           |       |       |     4 |    20 |     3 ||    27
  Evoke: Wand              |       |       |       |    13 |       ||    13
    Use: Scroll            |     2 |     6 |     3 |    15 |       ||    26
         Potion            |     1 |     2 |     1 |     2 |     3 ||     9
 Armour: Scale mail        |    42 |    80 |       |       |       ||   122
         Plate armour      |       |    48 |   161 |   391 |    43 ||   643
         Chain mail        |       |    31 |       |       |       ||    31
  Dodge: Dodged            |    31 |   147 |    93 |   243 |    36 ||   550
  Block: Buckler           |    17 |    87 |    61 |       |       ||   165
         Kite shield       |       |       |    61 |   615 |    87 ||   763
